 Dungeon Crawl Stone Soup version 0.21.1-1-g345015f (webtiles) character file.

100 Matador8 the Cudgeler (level 5, -3/42 HPs)
             Began as a Human Monk on Apr 13, 2018.
             Killed from afar by Ijyb (9 damage)
             ... with a wand of flame (12)
             ... on level 3 of the Dungeon.
             The game lasted 00:08:52 (2720 turns).

Matador8 the Cudgeler (Human Monk)                  Turns: 2720, Time: 00:08:52

Health: -3/42      AC:  5    Str: 12    XL:     5   Next: 3%
Magic:  5/5        EV: 12    Int: 10    God:
Gold:   81         SH:  0    Dex: 16    Spells: 4/4 levels left

rFire    . . .     SeeInvis .   a - +0 mace
rCold    . . .     Gourm    .   (no shield)
rNeg     . . .     Faith    .   j - +0 ring mail
rPois    .         Spirit   .   (no helmet)
rElec    .         Reflect  .   (no cloak)
rCorr    .         Harm     .   (no gloves)
MR       .....                  (no boots)
Stlth    +.........             (no amulet)
HPRegen  0.14/turn              (no ring)
MPRegen  0.09/turn              (no ring)

@: no status effects
A: no striking features
a: no special abilities


You were on level 3 of the Dungeon.
You were not hungry.

You visited 1 branch of the dungeon, and saw 3 of its levels.

You collected 81 gold pieces.

Inventory:

Hand Weapons
 a - a +0 mace (weapon)
 m - a +0 hunting sling
Missiles
 n - 66 stones (quivered)
Armour
 b - a +0 robe
 j - a +0 ring mail (worn)
Jewellery
 p - a +6 ring of intelligence {unknown}
Scrolls
 e - a scroll of magic mapping {unknown}
 f - 4 scrolls of remove curse {unknown}
 g - 2 scrolls of amnesia {unknown}
 h - 4 scrolls of identify {unknown}
 l - a scroll of immolation {unknown}
Potions
 d - a potion of flight {unknown}
 i - a potion of curing {unknown}
 k - a potion of mutation {unknown}
 o - 2 potions of heal wounds {unknown}
 q - 2 potions of cancellation {unknown}
 s - 2 potions of haste {unknown}
Comestibles
 c - 3 rations
 r - 4 chunks of flesh


   Skills:
 + Level 3.8 Fighting
 * Level 4.7 Maces & Flails
 - Level 3.0 Dodging
 - Level 2.0 Stealth


You had 4 spell levels left.
You didn't know any spells.

Dungeon Overview and Level Annotations

Branches:
Dungeon (3/15)

Altars:
Zin

Annotations:
D:2 Sigmund
D:3 Ijyb


Message History

Ijyb hits you with an enchanted club.
You closely miss Ijyb.
Ijyb is moderately wounded.
Ijyb hits you with an enchanted club.
* * * LOW HITPOINT WARNING * * *
You barely miss Ijyb.
Ijyb is moderately wounded.
Ijyb zaps a wand.
The puff of flame misses you.
You hit Ijyb but do no damage.
Ijyb is moderately wounded.
Ijyb hits you with an enchanted club.
* * * LOW HITPOINT WARNING * * *
You hit Ijyb but do no damage.
Ijyb is moderately wounded.
Ijyb hits you with an enchanted club.
* * * LOW HITPOINT WARNING * * *
You hit Ijyb but do no damage.
Ijyb is moderately wounded.
Ijyb zaps a wand.
The puff of flame hits you!
You die...

#.### #.# #.........#.###
#...###.#####.........#.#
#............##.......######
#.####.####..####...........
#.##.....##...##..##...####.
#.#.......#.#.##.#####......
#.#.......#...#..# #######
#....._...g.....##
#.#.......#@##..#### #
#.#.......#........#
#.##.#.##.....##........#
.......####g####...)....#
........................#
####..........)....##.###
###############.##..#
#.....# #######


You could see Ijyb.

Vanquished Creatures
  An adder (D:2)
  An ooze (D:1)
  3 worms (D:2)
  A dart slug (D:1)
  4 bats
  4 giant cockroaches
  12 goblins
  7 hobgoblins
  16 jackals
  A quokka (D:2)
  7 frilled lizards
  3 kobolds (D:2)
  7 rats
67 creatures vanquished.

Notes
Turn   | Place    | Note
-------+----------+-------------------------------------------
     0 | D:1      | Matador8 the Human Monk began the quest for the Orb.
     0 | D:1      | Reached XP level 1. HP: 18/18 MP: 1/1
    77 | D:1      | Reached XP level 2. HP: 20/24 MP: 2/2
   434 | D:1      | Reached XP level 3. HP: 25/29 MP: 3/3
   745 | D:1      | Reached skill level 4 in Maces & Flails
  1178 | D:2      | Reached XP level 4. HP: 27/35 MP: 4/4
  2312 | D:2      | Noticed Sigmund
  2545 | D:3      | Reached XP level 5. HP: 42/42 MP: 5/5
  2646 | D:3      | Found a glowing silver altar of Zin.
  2667 | D:3      | Noticed Ijyb
  2720 | D:3      | Killed from afar by Ijyb

Skill      XL: |  1  2  3 |
---------------+----------+-----
Maces & Flails | 4 |  4.7
Fighting       | |  3.8
Dodging        | |  3.0
Stealth        | |  2.0

Action                   |  1- 3 |  4- 6 || total
-------------------------+-------+-------++-------
Melee: Mace              |   118 |   165 ||   283
 Stab: Sleeping          |     1 |     1 ||     2
       Distracted        |       |     1 ||     1
  Eat: Chunk             |     1 |     5 ||     6
Armor: Robe              |    15 |       ||    15
       Ring mail         |    19 |    62 ||    81
Dodge: Dodged            |    98 |   105 ||   203
